 Dungeon Crawl Stone Soup version 0.29.1-14-g9c671dbff4 (webtiles) character file.

Game seed: 5209756370364203109

43206 sanboga the Cleaver (level 14, -2/138 HPs)
             Began as a Gargoyle Fighter on Feb 15, 2023.
             Was a High Priest of Trog.
             Killed from afar by a fire dragon (46 damage)
             ... with a blast of flame
             ... on level 15 of the Dungeon.
             The game lasted 00:15:40 (14403 turns).

sanboga the Cleaver (Gargoyle Fighter)             Turns: 14403, Time: 00:15:41

Health: -2/138     AC: 53    Str: 33    XL:     14   Next: 23%
Magic:  14/14      EV: 10    Int: 10    God:    Trog [*****.]
Gold:   501        SH:  7    Dex: 13    Spells: 13/13 levels left

rFire   . . .      SeeInvis +   a - +8 mithril axe "Arga" {speed, Will+}
rCold   . . .      Faith    .   c - +0 buckler
rNeg    + . .      Spirit   .   k - +10 crystal plate armour of Makhleb's Scorn {rElec}
rPois   ∞          Reflect  .   m - +4 helmet "Samnean" {Str+3 Dex+4 SInv}
rElec   +          Harm     .   b - +0 cloak
rCorr   .          Rampage  .   z - +0 pair of gloves
Will    ++...                   A - +1 pair of boots of the Camelopard {+Blink}
Stlth   ..........              (no amulet)
HPRegen 0.33/turn               l - +4 ring of evasion
MPRegen 0.14/turn               B - +6 ring of strength

@: berserking, flying, studying Shields, very quick
A: sickness immunity, AC +10, big wings, negative energy resistance 1,
electricity resistance, torment resistance 1, petrification resistance
a: Renounce Religion, Evoke Blink, Berserk, Trog's Hand, Brothers in Arms


You were on level 15 of the Dungeon.
You worshipped Trog.
Trog was extremely pleased with you.
You visited 2 branches of the dungeon, and saw 16 of its levels.

You collected 995 gold pieces.
You spent 494 gold pieces at shops.

Inventory:

Hand Weapons
 a - the +8 mithril axe "Arga" (weapon) {speed, Will+}
   (You found it on level 7 of the Dungeon)

   Attacks with this weapon are significantly faster.
   Will:      It increases your willpower.
 h - a +3 broad axe of freezing
Armour
 b - a +0 cloak (worn)
 c - a +0 buckler (worn)
 k - the +10 crystal plate armour of Makhleb's Scorn (worn) {rElec}
   (You acquired it on level 9 of the Dungeon)

   rElec:     It insulates you from electricity.
 m - the +4 helmet "Samnean" (worn) {Str+3 Dex+4 SInv}
   (You found it on level 3 of the Dungeon)

   Str:       It affects your strength (+3).
   Dex:       It affects your dexterity (+4).
   SInv:      It lets you see invisible.
 z - a +0 pair of gloves (worn)
 A - the +1 pair of boots of the Camelopard (worn) {+Blink}
   (You found it on level 7 of the Dungeon)

   +Blink:    It lets you blink.
Jewellery
 l - a +4 ring of evasion (left hand)
 p - a ring of protection from cold
 B - a +6 ring of strength (right hand)
Wands
 f - a wand of flame (20)
 i - a wand of acid (12)
 q - a wand of polymorph (5)
 t - a wand of paralysis (3)
 u - a wand of digging (9)
 C - a wand of roots (12)
Scrolls
 j - 4 scrolls of blinking
 n - 5 scrolls of identify
 o - 4 scrolls of fear
 w - 5 scrolls of teleportation
 x - a scroll of enchant armour
 y - 2 scrolls of magic mapping
Potions
 d - 5 potions of might
 e - a potion of magic
 g - 4 potions of curing
 r - 3 potions of mutation
 s - 2 potions of heal wounds
 v - 2 potions of ambrosia
 D - a potion of haste {unknown}
Miscellaneous
 E - a phantom mirror


   Skills:
 + Level 12.5 Fighting
 * Level 14.3 Axes
 + Level 12.5 Armour
 + Level 14.2 Shields


You had 13 spell levels left.
You didn't know any spells.
Your spell library was empty.

Dungeon Overview and Level Annotations

Branches:
Dungeon (15/15)            Temple (1/1) D:5            Lair (0/5) D:9
    Orc (0/2) D:12         Vaults (0/5) D:14
 Depths: D:15

Altars:
Ashenzari
Cheibriados
Dithmenos
Elyvilon
Fedhas
Gozag
Hepliaklqana
Kikubaaqudgha
Makhleb
Nemelex Xobeh
Okawaru
Qazlal
Ru
Sif Muna
Trog
Uskayaw
Vehumet
Wu Jian
Xom
Yredelemnul
Zin
The Shining One

Shops:
D:2 [


Innate Abilities, Weirdness & Mutations

You are immune to sickness and miasma.
Your stone body is resilient. (AC +10)
You are immune to poison.
Your large and strong wings let you fly.
You resist negative energy. (rN+)
You are resistant to electric shocks. (rElec)
You are resistant to unholy torment.
You are immune to petrification.


Message History

Found a stone staircase leading up.
No target in view!
A fire dragon comes into view.
Found 23 gold pieces.
A fire dragon is nearby!
An ice dragon comes into view.
Found 75 gold pieces.
The ice dragon roars deafeningly!
The fire dragon breathes flames at you. The blast of flame hits you!!
Found 29 gold pieces.
A red film seems to cover your vision as you go berserk!
You feel yourself moving faster!
You feel mighty! The ice dragon breathes frost at you.
The blast of cold hits you!! The fire dragon bites you!
The fire dragon claws you but does no damage.
The fire dragon tramples you.
You hold your ground!
You slash the ice dragon!
The ice dragon is lightly wounded.
You hit the fire dragon. The ice dragon closely misses you.
The ice dragon claws you but does no damage.
The ice dragon tramples you but does no damage.
You block the fire dragon's attack.
The fire dragon claws you but does no damage.
The fire dragon tramples you.
You hold your ground!
You slice the fire dragon!!
The fire dragon is moderately wounded.
You closely miss the ice dragon. You slice the fire dragon!!
The fire dragon is heavily wounded.
You slice the ice dragon!!
You hit the fire dragon but do no damage.
The fire dragon is heavily wounded.
You hit the ice dragon.
The ice dragon bites you but does no damage.
The ice dragon completely misses you.
The ice dragon tramples you but does no damage.
The fire dragon breathes flames at you. The blast of flame hits you!!!
You die...

##.#.#.# #......##
#..#.#..# ##.......####
.. #...........#...
###### #......#........
#$$$$.###.8..##........
.......##...##..###....
#D@...###.........
......D##### #.........
#$$$$.# #####........#
####### #.........#..#
#.# ##.#.......# .#
######.###......<...# #
.....#..............#
#######.#..#..###..#####
#### #.....#.#.[...#
#..#


You could see a fire dragon (catching breath) and an ice dragon (catching
breath).

Vanquished Creatures
  Kirke (D:14)
  Gastronok (D:9)
  A fire giant (D:13)
  A frost giant (D:13)
  A very ugly thing (D:13)
  A hydra (D:13)
  A great orb of eyes (D:13)
  A rakshasa (D:13)
  4 two-headed ogres
  3 centaur warriors
  A catoblepas (D:15)
  2 dancing weapons (D:14)
  Urug (D:10)
  A skeletal warrior (D:13)
  A wizard (D:15)
  Pikel (D:9)
  2 deep elf pyromancers
  An orc knight (D:15)
  2 manticores
  18 ugly things
  A wolf spider (D:13)
  4 cyclopes
  A rime drake (shapeshifter) (D:13)
  A yaktaur (D:13)
  2 kobold demonologists (D:12)
  A tengu conjurer (D:13)
  A troll (D:12)
  Grinder (D:5)
  14 slime creatures
  A hornet (D:10)
  Prince Ribbit (D:9)
  2 centaur simulacra (D:13)
  Sigmund (D:6)
  3 shadows
  5 wyverns
  2 wraiths
  4 water elementals
  4 hogs (D:14)
  25 yaks
  2 vampires
  4 vampire mosquitoes (D:12)
  3 acid dragons
  6 water moccasins
  A meliai simulacrum (D:13)
  5 orc warriors
  2 black bears
  5 ice beasts
  2 ogres
  A wolf (D:13)
  10 centaurs
  2 phantoms
  3 lemures (D:9)
  3 bullfrogs
  3 kobold brigands
  2 scorpions
  5 killer bees (D:7)
  9 howler monkeys
  6 electric eels
  5 hounds
  4 orc priests
  Crazy Yiuf (D:3)
  2 jellies
  2 gnoll boudas
  Jessica (D:2)
  2 iguanas
  Ijyb (D:3)
  Terence (D:3)
  5 orc wizards
  7 gnolls
  9 adders
  4 white imps (D:13)
  An ufetubus (D:13)
  2 worms
  A dart slug (D:3)
  22 orcs
  4 ball pythons
  A bat (D:2)
  4 endoplasms
  A giant cockroach (D:3)
  5 hobgoblins
  4 jackals (D:5)
  26 kobolds
  5 quokkas
  A frilled lizard (D:3)
  6 goblins
  4 rats
324 creatures vanquished.

Vanquished Creatures (others)
  A tengu conjurer (D:13)
  An orc (D:3)
  13 plants
15 creatures vanquished.

Grand Total: 339 creatures vanquished

Notes
Turn   | Place    | Note
-------+----------+-------------------------------------------
     0 | D:1      | sanboga the Gargoyle Fighter began the quest for the Orb.
     0 | D:1      | Reached XP level 1. HP: 14/14 MP: 1/1
   281 | D:1      | Reached XP level 2. HP: 19/19 MP: 2/2
   435 | D:1      | Found a faded altar of an unknown god.
  1165 | D:2      | Reached XP level 3. HP: 21/23 MP: 3/3
  1219 | D:2      | Noticed Jessica
  1227 | D:2      | Killed Jessica
  1434 | D:2      | Reached XP level 4. HP: 29/29 MP: 4/4
  1640 | D:2      | Found Liddeluzi's Antique Armour Boutique.
  1767 | D:3      | Found a broken altar of Ashenzari.
  1798 | D:3      | Noticed Ijyb
  1800 | D:3      | Reached XP level 5. HP: 22/33 MP: 5/5
  1843 | D:3      | Killed Ijyb
  1945 | D:3      | Identified the +10 mace of Sikk {vorpal, rC+ SInv}
  2045 | D:3      | Identified the +4 helmet "Samnean" {Str+3 Dex+4 SInv}
  2162 | D:3      | Reached XP level 6. HP: 36/38 MP: 6/6
  2220 | D:3      | Found a runed translucent door.
  2221 | D:3      | Noticed Crazy Yiuf
  2278 | D:3      | Noticed an ice beast
  2289 | D:3      | Killed an ice beast
  2432 | D:3      | Noticed Terence
  2447 | D:3      | Killed Terence
  2654 | D:3      | Killed Crazy Yiuf
  2800 | D:4      | Reached XP level 7. HP: 44/44 MP: 7/7
  3158 | D:4      | Reached skill level 5 in Fighting
  3394 | D:5      | Entered Level 5 of the Dungeon
  3417 | D:5      | Reached skill level 5 in Armour
  3417 | D:5      | Reached skill level 5 in Shields
  3493 | D:5      | Noticed Grinder
  3494 | D:5      | Found a staircase to the Ecumenical Temple.
  3497 | D:5      | Reached skill level 5 in Axes
  3516 | Temple   | Entered the Ecumenical Temple
  3752 | Temple   | Became a worshipper of Trog the Wrathful
  3839 | D:5      | Paralysed by Grinder for 2 turns
  3843 | D:5      | Paralysed by Grinder for 3 turns
  3857 | D:5      | Paralysed by Grinder for 4 turns
  3863 | D:5      | Killed Grinder
  3864 | D:5      | Reached XP level 8. HP: 34/50 MP: 8/8
  4710 | D:6      | Reached * piety under Trog
  4711 | D:6      | Reached XP level 9. HP: 43/56 MP: 9/9
  4875 | D:6      | Found a burning altar of Makhleb.
  5092 | D:6      | Noticed Sigmund
  5109 | D:6      | Killed Sigmund
  5266 | D:7      | Reached ** piety under Trog
  5725 | D:7      | Found an ancient bone altar of Kikubaaqudgha.
  5773 | D:7      | Reached XP level 10. HP: 63/63 MP: 10/10
  5961 | D:7      | Found an opulent altar of Gozag.
  5962 | D:7      | Found a white marble altar of Elyvilon.
  5962 | D:7      | Found a shimmering altar of Xom.
  5964 | D:7      | Found a shimmering blue altar of Sif Muna.
  6091 | D:7      | Identified the +1 pair of boots of the Camelopard {+Blink}
  6146 | D:7      | Found the +8 mithril axe "Arga" {speed, Will+}
  6969 | D:9      | Noticed Gastronok
  7005 | D:9      | Killed Gastronok
  7096 | D:9      | Noticed a two-headed ogre
  7106 | D:9      | Killed a two-headed ogre
  7300 | D:9      | Found a staircase to the Lair.
  7494 | D:2      | Bought a glowing plate armour for 494 gold pieces
  8080 | D:9      | Reached XP level 11. HP: 61/69 MP: 11/11
  8092 | D:9      | Reached skill level 10 in Axes
  8092 | D:9      | Reached *** piety under Trog
  8303 | D:9      | Noticed Prince Ribbit
  8303 | D:9      | Noticed Pikel
  8317 | D:9      | Killed Prince Ribbit
  8319 | D:9      | Killed Pikel
  8574 | D:9      | Identified 2 scrolls of acquirement
  8574 | D:9      | Acquired the +10 crystal plate armour of Makhleb's Scorn
                  | {rElec}
  8588 | D:9      | Acquired a +3 broad axe of freezing
  8635 | D:10     | Entered Level 10 of the Dungeon
  8744 | D:10     | Noticed Urug
  8831 | D:10     | Found a glowing silver altar of Zin.
  8854 | D:10     | Identified the +1 ring mail "Getylumn" {Rampage Drain
                  | Dex+5}
  8953 | D:10     | Killed Urug
  9211 | D:11     | Identified the +1 robe of the Forest {rN+ Str+3}
  9219 | D:11     | Identified the +1 helmet of the Equator {Str+4 Dex+4}
  9262 | D:11     | Noticed a cyclops
  9269 | D:11     | Killed a cyclops
  9661 | D:11     | Noticed a deep elf pyromancer
  9668 | D:11     | Killed a deep elf pyromancer
  9669 | D:11     | Reached skill level 10 in Shields
  9669 | D:11     | Reached XP level 12. HP: 77/77 MP: 12/12
  9738 | D:11     | Reached skill level 10 in Fighting
 10060 | D:12     | Reached skill level 10 in Armour
 10143 | D:12     | Reached **** piety under Trog
 10334 | D:12     | Noticed a two-headed ogre
 10342 | D:12     | Killed a two-headed ogre
 10958 | D:12     | Found a staircase to the Orcish Mines.
 11021 | D:12     | Acquired a manual of Shields
 11200 | D:13     | Noticed a two-headed ogre
 11207 | D:13     | Killed a two-headed ogre
 11612 | D:13     | Noticed a great orb of eyes
 11677 | D:13     | Noticed a two-headed ogre
 11680 | D:13     | Killed a two-headed ogre
 11761 | D:13     | Killed a great orb of eyes
 11780 | D:13     | Noticed a four-headed hydra
 11805 | D:13     | Killed a 12-headed hydra
 11819 | D:13     | Reached XP level 13. HP: 84/84 MP: 13/13
 11863 | D:13     | Noticed a purple very ugly thing
 11892 | D:13     | Killed a purple very ugly thing
 11989 | D:13     | Noticed a frost giant
 11989 | D:13     | Noticed a fire giant
 12014 | D:13     | Killed a fire giant
 12027 | D:13     | Killed a frost giant
 12347 | D:14     | Noticed Kirke
 12493 | D:14     | Killed Kirke
 12726 | D:14     | Found a gate to the Vaults.
 13022 | D:14     | Reached ***** piety under Trog
 13209 | D:13     | Noticed a rakshasa
 13244 | D:13     | Killed a rakshasa
 13436 | D:14     | Gained mutation: Your large and strong wings let you fly.
                  | [Gargoyle growth]
 13436 | D:14     | Reached XP level 14. HP: 90/92 MP: 14/14
 13693 | D:15     | Entered Level 15 of the Dungeon
 14403 | D:15     | Killed from afar by a fire dragon

Illustrated notes

Levels and vault maps discovered:
D:1:      amcnicky_arrival_abandoned_market, layout_basic, serial_forest,
          infiniplex_forest_clump_long, infiniplex_forest_lined_2,
          infiniplex_forest_clump_double, infiniplex_forest_3_way,
          infiniplex_forest_zigzag_1, infiniplex_forest_end_3,
          ebering_ecumenical_altar_hall, chequers_serial_rivers_small_b
D:2:      layout_loops_ring, serial_shops, nicolae_shop_behind_doors,
          uniq_jessica
D:3:      layout_rooms, ashenzari_conservatory_becter, roderic_filled_cross,
          amethyst_killhole, kennysheep_generic_room_6, uniq_terence,
          uniq_crazy_yiuf_cottage, uniq_ijyb
D:4:      layout_rooms, serial_forest, infiniplex_forest_straight_4,
          infiniplex_forest_clump_curved, infiniplex_forest_clump_diagonal,
          infiniplex_forest_zigzag_1, infiniplex_forest_clump_diagonal,
          hangedman_abyss_or_decor_passed, minivault_4,
          hangedman_decor_opposing, chequers_serial_rivers_room_b
D:5:      layout_rooms, minmay_temple_entry_mini_moons,
          minmay_misc_feat_four_crosses, uniq_grinder
D:6:      minmay_inner_zag, layout_cave_pools, mainiacjoe_overflow_alcove_4,
          nrook_mini_backslash, nrook_campfire, uniq_sigmund
D:7:      layout_rooms, mainiacjoe_overflow_cross_hatched,
          chequers_temple_overflow_statue_of_worship, minmay_starry_boxes
D:8:      layout_gridville, lightli_corner_chamber
D:9:      layout_cave_pods, lair_entry_dummy, uniq_prince_ribbit1, uniq_pikel,
          uniq_gastronok
D:10:     layout_rooms, mainiacjoe_overflow_brackets, dreamdust_princess_bridge,
          uniq_urug
D:11:     layout_loops_ring, chequers_serial_rivers_large_a
D:12:     layout_long_grid, orc_0_dummy
D:13:     kennysheep_four_of_diamonds, layout_cave_pods, serial_ice,
          serial_ice_g, serial_ice_k, serial_ice_e, serial_ice_f
D:14:     layout_roguey, erik_vaults_1, serial_bayou_ford_a, uniq_kirke
D:15:     grunt_enter_depths_hoard, layout_rooms, serial_co_window_serial,
          co_window_corner_a, co_window_corner_a, co_window_paths_b,
          co_window_paths_a, co_window_corner_a, co_window_paths_a,
          co_window_corner_a, co_window_corner_ca, co_window_unsneaky_path_d,
          co_window_broadway_c, co_window_unsneaky_path_b, co_window_paths_e,
          glass_columns_a, glass_columns_a, glass_columns_b, minivault_22
Temple:   minmay_temple_curvy_branch

Skill      XL: |  1  2  3  4  5  6  7  8  9 10 11 12 13 14 |
---------------+-------------------------------------------+-----
Axes           | 2 3 4 5 6 8 9 11 12 13 14 | 14.3
Fighting       | 4 5 6 7 8 9 11 12 | 12.5
Armour         | 4 5 6 7 8 9 11 12 | 12.5
Shields        | 4 5 6 7 8 10 11 13 14 | 14.2

Action                   |  1- 3 |  4- 6 |  7- 9 | 10-12 | 13-15 || total
-------------------------+-------+-------+-------+-------+-------++-------
Melee: War axe           |    49 |   124 |   262 |    14 |       ||   449
       Broad axe         |       |       |       |   420 |   291 ||   711
       Unarmed           |       |       |       |       |     7 ||     7
Invok: Berserk           |       |       |       |     3 |     4 ||     7
  Use: Potion            |       |     3 |       |     3 |     1 ||     7
       Scroll            |       |       |     6 |    13 |     3 ||    22
 Stab: Invisible         |       |     1 |       |       |       ||     1
Armor: Chain mail        |    26 |    85 |   206 |    26 |       ||   343
       Plate armour      |       |       |       |    30 |       ||    30
       Crystal plate arm |       |       |       |   145 |   176 ||   321
Dodge: Dodged            |    16 |    58 |   194 |   196 |    79 ||   543
Block: Buckler           |    14 |    31 |   106 |    93 |    66 ||   310
